 Dungeon Crawl Stone Soup version 0.24.0-29-g8ce449bc06 (webtiles) character file.

Game seed: 4852134133159223729, levelgen mode: deterministic

123 Esekla the Digger (level 4, -1/32 HPs)
             Began as a Demonspawn Wanderer on Nov 16, 2019.
             Slain by a worker ant (6 damage)
             ... on level 5 of the Dungeon.
             The game lasted 00:20:01 (2433 turns).

Esekla the Digger (Demonspawn Wanderer)             Turns: 2433, Time: 00:20:01

Health: -1/32      AC: 12    Str: 11    XL:     4   Next: 80%
Magic:  16/16      EV:  7    Int: 16    God:
Gold:   139        SH:  7    Dex: 12    Spells: 6/7 levels left

rFire    + . .     SeeInvis +   u - +0 falchion
rCold    . . .     Gourm    .   d - +0 shield
rNeg     . . .     Faith    .   b - +0 ring mail
rPois    .         Spirit   .   (no helmet)
rElec    .         Reflect  .   (no cloak)
rCorr    .         Harm     .   (no gloves)
MR       .....                  v - +0 pair of boots
Stlth    +.........             c - amulet of regeneration
HPRegen  0.50/turn              h - ring of magical power
MPRegen  0.15/turn              y - ring of see invisible

@: lethally poisoned (-1 -> -4), sanguine armour
A: fire resistance 1, sanguine armour 1
a: no special abilities


You were on level 5 of the Dungeon.
You were very hungry.

You visited 1 branch of the dungeon, and saw 5 of its levels.

You collected 139 gold pieces.

Inventory:

Hand Weapons
 a - a +0 dagger
 u - a +0 falchion (weapon)
Missiles
 s - 24 poisoned darts (quivered)
Armour
 b - a +0 ring mail (worn)
 d - a +0 shield (worn)
 v - a +0 pair of boots (worn)
Jewellery
 c - an amulet of regeneration (around neck)
 h - a ring of magical power (left hand)
 j - an uncursed ring of flight
 n - an uncursed ring of fire
 p - an uncursed ring of protection from cold
 x - a +5 amulet of reflection
 y - a ring of see invisible (right hand)
Scrolls
 i - a scroll of noise
 r - a scroll of remove curse
 t - a scroll of fog {unknown}
 w - a scroll of blinking {unknown}
Potions
 g - a potion of lignification {unknown}
 k - 2 potions of haste {unknown}
 l - a potion of invisibility {unknown}
 m - a potion of flight {unknown}
 o - 2 potions of might {unknown}
Comestibles
 f - 5 rations


   Skills:
 + Level 1.3 Fighting
 + Level 1.8(1.9) Short Blades
 + Level 0.7(1.4) Long Blades
   Level 1.0 Maces & Flails
 + Level 2.0 Armour
 + Level 1.2 Dodging
 + Level 1.0 Stealth
 + Level 1.6 Shields
 + Level 2.2 Spellcasting
 + Level 3.0 Earth Magic


You had 6 spell levels left.
You knew the following spells:

 Your Spells              Type           Power        Failure   Level  Hunger
a - Sandblast             Erth           ##....       61%         1    #......

Your spell library contained the following spells:

 Spells                   Type           Power        Failure   Level  Hunger
 Stone Arrow              Conj/Erth      #.....       99%         3    ###....


Dungeon Overview and Level Annotations

Branches:
Dungeon (5/15)
 Temple: D:4-7

Altars:
Fedhas
Hepliaklqana
The Shining One

Annotations:
D:1 Pikel


Innate Abilities, Weirdness & Mutations

Your flesh is heat resistant. (rF+)
When seriously injured, your bleeding wounds create armour. (AC +6)


Message History

The worker ant is almost dead.
You feel sick. The worker ant bites you.
You completely miss the worker ant.
The worker ant is almost dead.
You feel sick. You block the worker ant's attack. The worker ant bites you.
* * * LOW HITPOINT WARNING * * *
You are more poisoned.
The worker ant poisons you!
You completely miss the worker ant.
The worker ant is almost dead.
You feel sick.
The worker ant bites you but does no damage. x2
You closely miss the worker ant.
The worker ant is severely wounded.
You feel sick.
The worker ant bites you but does no damage.
Your shield and ring mail prevent you from hitting the worker ant.
The worker ant is severely wounded.
You feel sick. The worker ant bites you.
You die...

#### #@a#
........##
########.
.# .# .#
.+ ##


You could see a worker ant.

Vanquished Creatures
  4 adders
  An ooze (D:1)
  6 worms
  2 dart slugs
  A leopard gecko (D:1)
  4 orcs (D:3)
  8 bats
  A giant cockroach (D:3)
  7 goblins
  6 hobgoblins
  3 jackals (D:1)
  2 quokkas
  2 ball pythons (D:2)
  2 frilled lizards
  4 kobolds
  8 rats
61 creatures vanquished.

Notes
Turn   | Place    | Note
-------+----------+-------------------------------------------
     0 | D:1      | Esekla the Demonspawn Wanderer began the quest for the Orb.
     0 | D:1      | Esekla set off with the following items: a +0 dagger, a +0
                  | ring mail, a +0 shield, a ration; and the following spell
                  | memorised: Sandblast; and the following spells available to
                  | memorise: Stone Arrow
     0 | D:1      | Reached XP level 1. HP: 15/15 MP: 3/3
   152 | D:1      | Reached skill level 3 in Earth Magic
   308 | D:1      | Gained mutation: When seriously injured, your bleeding
                  | wounds create armour. (AC +6) [demonic ancestry]
   308 | D:1      | Reached XP level 2. HP: 20/21 MP: 5/5
   871 | D:2      | Reached XP level 3. HP: 25/26 MP: 6/6
   992 | D:2      | Reached skill level 1 in Short Blades
  1521 | D:3      | Gained mutation: Your flesh is heat resistant. (rF+)
                  | [demonic ancestry]
  1521 | D:3      | Reached XP level 4. HP: 30/32 MP: 7/7
  1650 | D:3      | Found a hazy altar of Hepliaklqana.
  1654 | D:3      | Found a blossoming altar of Fedhas.
  1911 | D:3      | Found a glowing golden altar of the Shining One.
  2045 | D:3      | Reached skill level 1 in Dodging
  2125 | D:4      | Noticed a slave
  2126 | D:4      | Noticed a slave
  2127 | D:4      | Noticed Pikel
  2127 | D:4      | Noticed a slave
  2127 | D:4      | Noticed a slave
  2204 | D:2      | HP: 1/32 [Pikel/+1 whip of electrocution (13)]
  2416 | D:5      | Entered Level 5 of the Dungeon
  2433 | D:5      | Slain by a worker ant

Levels and vault maps discovered:
D:1:      scummos_arrival_hexagon, layout_loops_ring
D:2:      layout_basic, first_ration, hangedman_abyss_or_decor_lesser_grid
D:3:      layout_rooms, tso_oasis_becter, grunt_temple_overflow_open
D:4:      minmay_evil_eye, layout_gridville, uniq_pikel, uniq_grinder
D:5:      layout_rooms, overflow_temple_1_default, basic_altar,
          kennysheep_generic_room_2

Skill      XL: |  1  2  3  4 |
---------------+-------------+-----
Earth Magic    | 3 |  3.0
Short Blades   | 1 |  1.8
Armour         | 2 |  2.0
Dodging        | 1 |  1.2
Fighting       | |  1.3
Long Blades    | |  0.7
Maces & Flails | |  1.0
Stealth        | |  1.0
Shields        | |  1.6
Spellcasting   | |  2.2

Action                   |  1- 3 |  4- 6 || total
-------------------------+-------+-------++-------
Melee: Dagger            |   397 |    15 ||   412
       Falchion          |       |   165 ||   165
Throw: Dart              |       |     3 ||     3
  Use: Scroll            |       |     4 ||     4
  Eat: Chunk             |     2 |     3 ||     5
Armor: Ring mail         |   137 |   104 ||   241
Dodge: Dodged            |    91 |    62 ||   153
Block: Shield            |   132 |    81 ||   213
       Rpst.: Falchion   |       |    14 ||    14
